[Event "Betsys MČR v online bleskovém šachu 2021"]
[Site "Chess.com"]
[Date "2021.04.17"]
[Round "8"]
[White "Tolja1"]
[Black "Mimochodem"]
[Result "1-0"]
[WhiteElo "2041"]
[BlackElo "1793"]
[TimeControl "180+1"]
[EndTime "10:20:51 PDT"]
[Termination "Uživatel Tolja1 zvítězil matem"]

1. Nf3 c5 2. c4 Nc6 3. Nc3 e6 4. g3 Nf6 5. Bg2 d5 6. cxd5 exd5 7. d4 Be6 8. O-O Rc8 9. Bg5 Be7 10. dxc5 h6 11. Bxf6 Bxf6 12. Rc1 O-O 13. a3 d4 14. Ne4 Ne5 15. Nxf6+ Qxf6 16. Nxd4 Rfd8 17. Qa4 b6 18. Nxe6 Qxe6 19. cxb6 axb6 20. Qb5 Rxc1 21. Rxc1 Rd6 22. Qb4 Nd7 23. Qc3 Qxe2 24. Qc8+ Kh7 25.
Qc2+ Qxc2 26. Rxc2 Kg6 27. h4 Kf6 28. Bf3 Ne5 29. Kg2 Nxf3 30. Kxf3 h5 31. Rc4 g5 32.
hxg5+ Kxg5 33. Rb4 f5 34. a4 Rd3+ 35. Ke2 Rd6 36. b3 Kf6 37. Kf3 Kg5 38. Rb5 Rd3+ 39. Ke2 Rd6 40. b4 Kg4 41. a5 bxa5 42. bxa5 Rd4 43.
Ke3 Ra4 44. Ke2 Ra2+ 45. Kf1 Ra4 46. Kg2 f4 47. f3# 1-0

[Event "Betsys MČR v online bleskovém šachu 2021"]
[Site "Chess.com"]
[Date "2021.04.17"]
[Round "8"]
[White "JuliliaR"]
[Black "vozmenmarcel"]
[Result "0-1"]
[WhiteElo "1291"]
[BlackElo "1860"]
[TimeControl "180+1"]
[EndTime "10:20:51 PDT"]
[Termination "Uživatel vozmenmarcel zvítězil po vzdání soupeře"]

1. d4 Nf6 2. c4 g6 3. Nc3 d5 4. cxd5 Nxd5 5. Nf3 Bg7 6. e4 Nxc3 7. bxc3 c5 8. Be3 Qa5 9. Qd2 O-O 10. Be2 Nc6 11. Rd1 Bg4 12. h3 Bxf3 13. Bxf3 Rad8 14.
e5 cxd4 15. cxd4 Qxd2+ 16. Rxd2 e6 17. Bxc6 bxc6 18. O-O c5 19. dxc5 Rxd2 20. Bxd2 Bxe5 21. Rc1 Rc8 22. Be3 Rc6 23. a4 f5 24. f3 Kf7 25.
Kf2 Bf6 26. Ke2 Ke7 27. Kd3 Kd7 28. Kc4 Kc7 29. Kb5 a6+ 30. Kb4 e5 31. Rd1 Be7 32.
Bf2 Re6 33. Re1 e4 34. fxe4 fxe4 35. Be3 Kc6 36. Rf1 Re5 37. Bd4 Bxc5+ 38. Bxc5 Rxc5 39. Rf6+ Kd5 40. Rxa6 e3 41. Ra8 Rc1 42. Re8 Kd4 43.
Rd8+ Ke4 44. a5 e2 45. Re8+ Kd3 46. Rd8+ Ke3 47. Re8+ Kf2 48. a6 e1=Q+ 49. Rxe1 Rxe1 50. Kb5 Ra1 51. Kb6 Kxg2 52. a7 Kxh3 53. Kb7 Rxa7+ 54.
Kxa7 g5 0-1

[Event "Betsys MČR v online bleskovém šachu 2021"]
[Site "Chess.com"]
[Date "2021.04.17"]
[Round "8"]
[White "Hanicka1517"]
[Black "Klokan64"]
[Result "1-0"]
[WhiteElo "1626"]
[BlackElo "1415"]
[TimeControl "180+1"]
[EndTime "10:20:52 PDT"]
[Termination "Uživatel Hanicka1517 zvítězil na čas"]

1. d4 d6 2. Nf3 Nf6 3. g3 c6 4. Bg2 Bg4 5. O-O Qd7 6. c4 h5 7.
Nc3 Bh3 8. e4 h4 9. Nxh4 Bxg2 10. Kxg2 Ng4 11. e5 dxe5 12. dxe5 Qxd1 13. Rxd1 Nxe5 14. b3 e6 15. Bb2 Bc5 16. Ne4 Bb6 17.
c5 Bc7 18. Nd6+ Ke7 19. Bxe5 Nd7 20. Bf4 Nxc5 21. Rac1 Nd7 22. Nf3 Rh5 23. Nxb7 Rah8 24. Bxc7 Nf6 25. Bd6+ Ke8 26. Rxc6 Ng4 27. Rc8+ Kd7 28.
Rxh8 Rxh8 29. Ba3+ Kc6 30. Nc5 e5 31. Ne4 f5 32. Rc1+ Kd5 33. Nc3+ Ke6 34. Ng5+ Kf6 35. h4 f4 36. Nce4+ Kf5 37. Rc7 Rd8 38. Rxg7 Rd2 39.
Rf7+ 1-0

[Event "Betsys MČR v online bleskovém šachu 2021"]
[Site "Chess.com"]
[Date "2021.04.17"]
[Round "8"]
[White "Miky2610"]
[Black "kalcs"]
[Result "0-1"]
[WhiteElo "1824"]
[BlackElo "2078"]
[TimeControl "180+1"]
[EndTime "10:20:53 PDT"]
[Termination "Uživatel kalcs zvítězil matem"]

1. c4 Nf6 2. Nc3 d6 3. g3 g6 4. Bg2 Bg7 5. Nf3 O-O 6. O-O c5 7. e3 Na6 8. a3 Rb8 9. d4 Nc7 10.
b4 cxd4 11. exd4 Bg4 12. Bb2 Qc8 13. Re1 Re8 14. Qd3 Bf5 15. Qe3 Ne6 16. c5 Ng4 17. Qe2 Nxd4 18. Nxd4 Bxd4 19. Rad1 Bxf2+ 20. Kh1 dxc5 21. Rf1 Bd4 22. bxc5 Bxc5 23. Rd2 Ne3 24. Rf3 Nxg2 25. Kxg2 Bg4 26. Qe5 Qc6 27. Ne4 Bxf3+ 28. Kh3 f6 29. Qxc5 Qe6+ 30. Kh4 Qg4# 0-1

[Event "Betsys MČR v online bleskovém šachu 2021"]
[Site "Chess.com"]
[Date "2021.04.17"]
[Round "8"]
[White "JohnnyDuck64"]
[Black "clarissamcclellan"]
[Result "1-0"]
[WhiteElo "2103"]
[BlackElo "1822"]
[TimeControl "180+1"]
[EndTime "10:20:55 PDT"]
[Termination "Uživatel JohnnyDuck64 zvítězil po vzdání soupeře"]

1. e4 c5 2. Nf3 e6 3. d4 cxd4 4. Nxd4 Nf6 5. Nc3 Nc6 6. a3 Be7 7. f4 a6 8. Be3 d5 9. e5 Nd7 10.
Qd2 Qc7 11. Be2 b5 12. Nxc6 Qxc6 13. Bf3 Bb7 14. Ne2 Nb6 15. Nd4 Qc7 16. b3 Nd7 17.
O-O Nb8 18. f5 Nc6 19. fxe6 Nxe5 20. exf7+ Nxf7 21. Bf4 Qb6 22. Rae1 Rd8 23. Kh1 Qf6 24. Re6 Qh4 25. g3 Qh3 26. Bg2 Qg4 27. h3 Qh5 28. Rfe1 Rd7 29. g4 Qh4 30. Nf5 1-0

[Event "Betsys MČR v online bleskovém šachu 2021"]
[Site "Chess.com"]
[Date "2021.04.17"]
[Round "8"]
[White "indebol"]
[Black "feela1"]
[Result "1-0"]
[WhiteElo "1541"]
[BlackElo "1363"]
[TimeControl "180+1"]
[EndTime "10:20:55 PDT"]
[Termination "Uživatel indebol zvítězil na čas"]

1. e4 e5 2. Nf3 Nc6 3. d4 exd4 4. Nxd4 Nxd4 5. Qxd4 Qe7 6. Nc3 Qc5 7. Be3 Qxd4 8.
Bxd4 Ne7 9. Nb5 Kd8 10. Bc4 f6 11. O-O-O a6 12. Nc3 Nc6 13. Be3 Bb4 14. Nd5 Be7 15. f3 Ne5 16. Bb3 Bd6 17. Rhe1 Ke8 18. h3 h6 19. c4 b6 20. Nxb6 cxb6 21. Rxd6 b5 22. cxb5 axb5 23. Red1 Nc4 24. Bxc4 bxc4 25. a3 Ra6 26. Rxa6 Bxa6 27. Rd6 Bb5 28. Rb6 Kf7 29. Rxb5 Rc8 30. Kc2 Ke7 31. a4 Ra8 32. a5 Kd8 33. Bb6+ Kc8 34. Rc5+ Kb7 35. Rxc4 Ra6 36. Rc7+ Kb8 37. Rxd7 Kc8 38. Rxg7 1-0

[Event "Betsys MČR v online bleskovém šachu 2021"]
[Site "Chess.com"]
[Date "2021.04.17"]
[Round "8"]
[White "PetrVelicka"]
[Black "jarda1955"]
[Result "1-0"]
[WhiteElo "2359"]
[BlackElo "1989"]
[TimeControl "180+1"]
[EndTime "10:20:56 PDT"]
[Termination "Uživatel PetrVelicka zvítězil na čas"]

1. e4 c5 2. Nf3 d6 3. d4 cxd4 4.
Nxd4 Nf6 5. Nc3 a6 6. Be3 e5 7.
Nb3 Be6 8. Kd2 d5 9. exd5 Nxd5 10. Nxd5 Qxd5+ 11. Kc1 Nc6 12. Qxd5 Bxd5 13. f3 O-O-O 14.
c3 Be6 15. Be2 f5 16. Rd1 Be7 17. Rd2 h6 18. Kd1 Rxd2+ 19. Kxd2 Bg5 20. Bxg5 hxg5 21. h3 Ne7 22. Ke1 Bxb3 23. axb3 Nd5 24. Ra5 Nf4 25. Rxe5 Nxg2+ 26. Kf2 Nf4 27. Rxf5 Nxe2 28. Kxe2 Rxh3 29. Rxg5 Rh2+ 30. Kd3 Rxb2 31. b4 Rf2 32. Rf5 Kd7 33.
Rf7+ Kc6 34. f4 g5 35. f5 g4 36. Ke4 g3 37. Rg7 g2 38. Ke5 Re2+ 39. Kf6 Kd5 40. Rg4 Rf2 41. Kg6 Ke5 42. Rg5 Ke4 43. f6 Kf4 44. f7 Ke3 45. Kg7 b5 46. f8=Q Rxf8 47.
Kxf8 Kf2 48. Ke7 g1=Q 49. Rxg1 Kxg1 50. Kd6 Kf2 51. Kc5 Ke3 52. Kb6 Kd3 53. Kxa6 Kxc3 54. Kxb5 1-0

[Event "Betsys MČR v online bleskovém šachu 2021"]
[Site "Chess.com"]
[Date "2021.04.17"]
[Round "8"]
[White "Maximon2012"]
[Black "vaclavbelaska"]
[Result "0-1"]
[WhiteElo "1076"]
[BlackElo "1401"]
[TimeControl "180+1"]
[EndTime "10:20:56 PDT"]
[Termination "Uživatel vaclavbelaska zvítězil matem"]

1. g3 d5 2. Bg2 e5 3. Nf3 Nc6 4. d3 Nf6 5. Bg5 Be7 6. O-O O-O 7. Qd2 Ng4 8. Bxe7 Qxe7 9. Nc3 Nf6 10. d4 e4 11. Ng5 h6 12. Nh3 Bxh3 13. Bxh3 Nd8 14. Qf4 c6 15. e3 Ne6 16. Bxe6 Qxe6 17. Kg2 Rac8 18. Ne2 g5 19. Qe5 Qxe5 20. dxe5 Nd7 21. f4 exf3+ 22. Rxf3 Nxe5 23. Rf5 f6 24. Nd4 Rce8 25.
Kf2 Kg7 26. Nf3 Ng4+ 27. Kg2 Nxe3+ 28. Kf2 Nxf5 29. Ng1 Re7 30. Kf3 Rfe8 31. Kg4 Kg6 32. Nf3 Re4+ 33. Kh3 g4+ 34. Kg2 Re2+ 35. Kf1 gxf3 36.
g4 Ne3+ 37. Kg1 Rg2+ 38. Kh1 Nxg4 39. Rg1 Rxh2# 0-1

[Event "Betsys MČR v online bleskovém šachu 2021"]
[Site "Chess.com"]
[Date "2021.04.17"]
[Round "8"]
[White "AlenaSouralova"]
[Black "handlovskyjachym"]
[Result "0-1"]
[WhiteElo "919"]
[BlackElo "1332"]
[TimeControl "180+1"]
[EndTime "10:20:56 PDT"]
[Termination "Uživatel handlovskyjachym zvítězil matem"]

1. e4 c5 2. Bc4 d6 3. Nf3 Nf6 4. d3 g6 5. Be3 Bg7 6. Nc3 O-O 7. Qd2 Nc6 8. O-O-O Bd7 9. h4 Ng4 10. h5 Nxe3 11.
Qxe3 a6 12. hxg6 hxg6 13. Qf4 e5 14. Qh4 Qxh4 15. Rxh4 b5 16. Bd5 Rac8 17. Bxc6 Rxc6 18. Nd5 Re8 19. Ng5 Be6 20. Nxe6 fxe6 21. Ne3 Rf8 22. f3 Rd8 23. Rf1 d5 24. f4 exf4 25. Rfxf4 dxe4 26. dxe4 Rcd6 27. Rfg4 Kf7 28. Rf4+ Kg8 29. Rfg4 Kf7 30. Rg5 Bf6 31. Rxc5 Bxh4 32. Rc7+ Kf8 33. Rh7 Bg5 34. Rh3 Bxe3+ 35. Rxe3 Rd1# 0-1

[Event "Betsys MČR v online bleskovém šachu 2021"]
[Site "Chess.com"]
[Date "2021.04.17"]
[Round "8"]
[White "Mikkes33"]
[Black "MiroslavBucek"]
[Result "1-0"]
[WhiteElo "1518"]
[BlackElo "1603"]
[TimeControl "180+1"]
[EndTime "10:20:58 PDT"]
[Termination "Uživatel Mikkes33 zvítězil matem"]

1. e4 e5 2. Nf3 Nc6 3. Bb5 a6 4.
Ba4 Nf6 5. O-O Nxe4 6. Re1 Nc5 7. Bxc6 dxc6 8. Nxe5 Ne6 9. d4 Bd6 10. c3 O-O 11. f4 f6 12. Nf3 Nxf4 13. Bxf4 Bxf4 14. Qb3+ Kh8 15. Nbd2 b5 16. Ne4 Bg4 17. Nc5 Qd5 18.
Qxd5 cxd5 19. Re7 Bxf3 20. gxf3 Rfe8 21. Rae1 Rxe7 22. Rxe7 h5 23. Ne6 Rg8 24. Nxc7 Bxc7 25. Rxc7 Re8 26. Kf2 Re6 27. Rd7 g5 28. Rxd5 Kg7 29.
Rd7+ Kg6 30. d5 Re5 31. d6 f5 32. Ra7 g4 33. Rxa6 f4 34. d7+ Kf7 35. d8=Q g3+ 36.
hxg3 fxg3+ 37. Kxg3 Re7 38. Qd5+ Ke8 39. Qg8+ Kd7 40.
Ra7+ Kd6 41. Qg6+ Kc5 42. Rxe7 Kd5 43. Qf5+ Kc4 44. Re4+ Kd3 45. Rd4+ Ke2 46. Qe4+ Kf1 47. Rd1# 1-0

[Event "Betsys MČR v online bleskovém šachu 2021"]
[Site "Chess.com"]
[Date "2021.04.17"]
[Round "8"]
[White "YoungMegaMind"]
[Black "domecek"]
[Result "1-0"]
[WhiteElo "2228"]
[BlackElo "1973"]
[TimeControl "180+1"]
[EndTime "10:21:01 PDT"]
[Termination "Uživatel YoungMegaMind zvítězil matem"]

1. Nf3 Nf6 2. e3 d5 3. b3 g6 4. Bb2 Bg7 5. c4 c6 6. Nc3 O-O 7. Rc1 b6 8. d4 Bb7 9. Be2 Nbd7 10. O-O e6 11. cxd5 exd5 12. Ba3 Re8 13. Bd3 Bf8 14.
Bxf8 Nxf8 15. Qe2 Ne6 16. Ba6 Qc8 17. Bxb7 Qxb7 18. Na4 Rac8 19. Nc3 h5 20. Rfd1 Kg7 21. h3 Rc7 22. Qb2 Kg8 23. b4 Rec8 24. a4 Nd7 25. Qb3 Nf6 26. Ne5 Nd7 27. Nxd7 Rxd7 28. b5 c5 29.
dxc5 bxc5 30. Nxd5 c4 31. Nf6+ Kg7 32. Qc3 Rxd1+ 33. Rxd1 Kh6 34. Rd7 Rc7 35. Rxc7 Qxc7 36. Nd5 Qc5 37. Qh8+ Kg5 38. h4+ Kxh4 39. Qf6+ g5 40.
g3+ Kh3 41. Qf5+ g4 42. Qxh5# 1-0

[Event "Betsys MČR v online bleskovém šachu 2021"]
[Site "Chess.com"]
[Date "2021.04.17"]
[Round "8"]
[White "Zavurka1975"]
[Black "elftom"]
[Result "1-0"]
[WhiteElo "2210"]
[BlackElo "1971"]
[TimeControl "180+1"]
[EndTime "10:21:03 PDT"]
[Termination "Uživatel Zavurka1975 zvítězil matem"]

1. d4 Nf6 2. Nf3 c6 3. e3 d5 4. c4 e6 5. Nc3 Nbd7 6. Bd3 Bd6 7. O-O O-O 8. e4 dxe4 9. Nxe4 Nxe4 10. Bxe4 h6 11. Qe2 c5 12. dxc5 Bxc5 13. Rd1 Qc7 14. b3 Nf6 15. Bc2 Rd8 16. Bb2 Be7 17. Ne5 b6 18.
Ng4 Qf4 19. Nxf6+ Bxf6 20. Rxd8+ Bxd8 21. Qd3 Bc7 22. Qh7+ Kf8 23. Qxg7+ Ke8 24. g3 Qf3 25. Qg8+ Ke7 26. Ba3+ Kf6 27. Qh8+ Kg5 28. Qg7+ Kh5 29. Bd1 Bb7 30. Bxf3+ Bxf3 31. Qxf7+ Kg4 32. h3+ Kxh3 33. Qxf3 Rg8 34. Qh5# 1-0

[Event "Betsys MČR v online bleskovém šachu 2021"]
[Site "Chess.com"]
[Date "2021.04.17"]
[Round "8"]
[White "Patrik_Kohm"]
[Black "BetsysBetting"]
[Result "0-1"]
[WhiteElo "1398"]
[BlackElo "1914"]
[TimeControl "180+1"]
[EndTime "10:21:04 PDT"]
[Termination "Uživatel BetsysBetting zvítězil matem"]

1. e4 c5 2. c3 Nf6 3. e5 Nd5 4. d4 cxd4 5. cxd4 e6 6. Nf3 b6 7. Bc4 Bb7 8. Nc3 Be7 9. Nxd5 exd5 10. Bb3 O-O 11. Be3 d6 12. O-O Nd7 13. exd6 Bxd6 14.
Bg5 f6 15. Be3 Re8 16. Qd2 Nf8 17. Rac1 Qd7 18. Rfe1 Ng6 19. Qd3 Kh8 20. Bd2 Qg4 21.
h3 Qh5 22. Qb5 Nf4 23. Qd7 Nd3 24. Rxe8+ Rxe8 25. Rf1 Bc8 26. Qxd6 Bxh3 27. gxh3 Qxf3 28. Qg3 Qe2 29. Bc3 h5 30. Qh4 g5 31. Qxh5+ Qxh5 32. Bd1 Qxh3 33. Bc2 Nf4 34. Be4 dxe4 35. f3 Qg2# 0-1

[Event "Betsys MČR v online bleskovém šachu 2021"]
[Site "Chess.com"]
[Date "2021.04.17"]
[Round "8"]
[White "Varinius"]
[Black "Dvacetsekund"]
[Result "1-0"]
[WhiteElo "2425"]
[BlackElo "2196"]
[TimeControl "180+1"]
[EndTime "10:21:08 PDT"]
[Termination "Uživatel Varinius zvítězil na čas"]

1. d4 Nf6 2. Nf3 b6 3. c4 Bb7 4. Nc3 Ne4 5. Qc2 Nxc3 6. Qxc3 e6 7. e3 a5 8. a3 Bb4 9. axb4 axb4 10. Rxa8 bxc3 11.
Ra2 cxb2 12. Rxb2 O-O 13. Bd3 Bxf3 14. gxf3 Nc6 15. Bd2 Qe7 16. Ke2 d5 17. Rc1 dxc4 18.
Rxc4 Na5 19. Rc1 Rd8 20. Bb4 Qd7 21. Rbc2 Nb3 22. Rb1 Nxd4+ 23. exd4 Qxd4 24. Rb3 Qe5+ 25. Kf1 c5 26. Bd2 Qxh2 27. Be3 Qd6 28. Ke2 f6 29. Rd2 Qe7 30. Rxb6 Kf7 31. Rc2 Qd7 32. Rd2 Qe7 33. Ke1 Qc7 34. Rdb2 Kg8 35. Bc4 1-0

[Event "Betsys MČR v online bleskovém šachu 2021"]
[Site "Chess.com"]
[Date "2021.04.17"]
[Round "8"]
[White "Tretrik"]
[Black "mysacek1414"]
[Result "0-1"]
[WhiteElo "2056"]
[BlackElo "1883"]
[TimeControl "180+1"]
[EndTime "10:21:09 PDT"]
[Termination "Uživatel mysacek1414 zvítězil na čas"]

1. e4 e6 2. d4 d5 3. e5 c5 4. c3 Nc6 5. Nf3 Bd7 6. Na3 Nh6 7. Bxh6 gxh6 8. Nc2 Bg7 9. Bd3 O-O 10. O-O cxd4 11.
cxd4 f6 12. Re1 Qb6 13. Qe2 fxe5 14. dxe5 Rxf3 15. Qxf3 Nxe5 16. Qe2 Nxd3 17. Qxd3 Rf8 18. Ne3 Qxb2 19. Rab1 Qxf2+ 20. Kh1 d4 21. Ng4 Qf4 22. h3 Qc7 23. Rf1 Rxf1+ 24. Rxf1 e5 25. Qb3+ Kh8 26.
Qf7 Qd8 27. Nf6 Bb5 28. Rf5 d3 29. Rxe5 d2 0-1

[Event "Betsys MČR v online bleskovém šachu 2021"]
[Site "Chess.com"]
[Date "2021.04.17"]
[Round "8"]
[White "petiva3"]
[Black "Petr_Zacek"]
[Result "0-1"]
[WhiteElo "1401"]
[BlackElo "1756"]
[TimeControl "180+1"]
[EndTime "10:21:10 PDT"]
[Termination "Uživatel Petr_Zacek zvítězil matem"]

1. e4 e6 2. Qe2 c5 3. f4 d5 4. d3 Nc6 5. Nf3 Nf6 6. g3 Be7 7. Bg2 O-O 8. O-O Qb6 9. Kh1 Bd7 10.
Nbd2 Ng4 11. h3 Nh6 12. Ng5 Nb4 13. Ndf3 f6 14. Nxh7 Kxh7 15. Nh4 Be8 16. c3 Na6 17. exd5 Bf7 18. Be4+ Kg8 19. Ng6 Rfe8 20. Nxe7+ Rxe7 21. dxe6 Bxe6 22. Qg2 Rb8 23. g4 f5 24. gxf5 Bxf5 25.
Bxf5 Nxf5 26. Qd5+ Qe6 27. Qg2 Ne3 28. Bxe3 Qxe3 29.
Rg1 Qxf4 30. Raf1 Qh6 31. Qd5+ Qe6 32. Qg5 Rd8 33. Rf2 Qd5+ 34. Rfg2 Qxg5 35. Rxg5 Rxd3 36. Kh2 b6 37. Rg6 Re2+ 38. Kh1 Rxh3# 0-1

[Event "Betsys MČR v online bleskovém šachu 2021"]
[Site "Chess.com"]
[Date "2021.04.17"]
[Round "8"]
[White "avsokol"]
[Black "Stalri"]
[Result "0-1"]
[WhiteElo "2363"]
[BlackElo "2210"]
[TimeControl "180+1"]
[EndTime "10:21:13 PDT"]
[Termination "Uživatel Stalri zvítězil na čas"]

1. e4 c5 2. Nf3 e6 3. d4 cxd4 4. Nxd4 Nc6 5. Nc3 Nf6 6. Ndb5 Bc5 7. Nd6+ Ke7 8. Nxc8+ Rxc8 9. Be2 d5 10. exd5 exd5 11.
O-O Re8 12. Bf3 d4 13. Ne4 Nxe4 14. Bxe4 h6 15. Bf4 Kf8 16. Qf3 Qf6 17. Rfe1 Bd6 18. Bxd6+ Qxd6 19. Rad1 Ne5 20. Qb3 b6 21. g3 Qf6 22. Bg2 Red8 23. Re2 Kg8 24. Red2 Nc4 25. Re2 Rc5 26. Rf1 Ne5 27. Rfe1 h5 28. Qa4 a5 29. Qb3 h4 30. Re4 h3 31. Bh1 d3 32. cxd3 Nf3+ 33. Bxf3 Qxf3 34. Re8+ Kh7 0-1

[Event "Betsys MČR v online bleskovém šachu 2021"]
[Site "Chess.com"]
[Date "2021.04.17"]
[Round "8"]
[White "Toman_26"]
[Black "pudltomik"]
[Result "0-1"]
[WhiteElo "873"]
[BlackElo "766"]
[TimeControl "180+1"]
[EndTime "10:21:13 PDT"]
[Termination "Uživatel pudltomik zvítězil na čas"]

1. e4 d6 2. d4 Nf6 3. Nc3 Nc6 4. Nf3 d5 5. e5 Ng4 6. Bd3 e6 7.
O-O h5 8. h3 Nh6 9. Be3 f5 10.
exf6 gxf6 11. Re1 Nf7 12. Bg6 Rg8 13. Bxh5 Qe7 14. Nh4 Bd7 15. Ng6 Qd6 16. Nb5 Qb4 17. Nxc7+ Kd8 18. Nxa8 Qxb2 19. Rb1 Qa3 20. Rxb7 Qa6 21.
Rb2 Bb4 22. Re2 Bc3 23. Rb3 Na5 24. Rxc3 Bb5 25. Re1 Bc6 26. Bf4 Bxa8 27. Bc7+ Kd7 28. Bxa5 Qxa5 29. Rb3 Bc6 30. Qb1 Kd6 31. Nf4 Ng5 32.
Bf3 Nxf3+ 33. Kf1 Nd2+ 34. Kg1 Nxb1 35. Rexb1 e5 36. dxe5+ fxe5 37. Nd3 Qd2 0-1

[Event "Betsys MČR v online bleskovém šachu 2021"]
[Site "Chess.com"]
[Date "2021.04.17"]
[Round "8"]
[White "marfuss"]
[Black "5265"]
[Result "0-1"]
[WhiteElo "2000"]
[BlackElo "1652"]
[TimeControl "180+1"]
[EndTime "10:21:14 PDT"]
[Termination "Uživatel 5265 zvítězil po vzdání soupeře"]

1. d4 d5 2. Bf4 e6 3. e3 c5 4. Nf3 Nc6 5. c3 Nf6 6. Nbd2 c4 7. Ne5 Bd6 8. Ndf3 O-O 9. Bg3 Ne4 10. Be2 Nxg3 11.
hxg3 Qc7 12. Qc2 g6 13. Ng4 h5 14. Nf6+ Kg7 15. Nxh5+ gxh5 16. Rxh5 Kf6 17. Qh7 Ke7 18. Qg7 b5 19. Rh7 b4 20. Ng5 Ke8 21. Bh5 Nd8 22.
Rh6 bxc3 23. bxc3 Rb8 24. Nh7 Rb7 25. Nf6+ Ke7 26. Qg5 Qa5 27. Rc1 Qa3 28. Rc2 Rb1+ 29. Kd2 Rb2 30. Nxd5+ Kd7 31. Nf6+ Kc7 32. Ne4 Rxc2+ 33.
Kxc2 Qxa2+ 34. Kd1 Qb1+ 35. Ke2 Qc2+ 36. Kf3 Bb7 37.
Qa5+ Kb8 38. Bxf7 Rxf7+ 39. Kg4 Qxe4+ 40. Kh3 Qxg2+ 41. Kh4 Be7+ 42. Kh5 Qf3+ 43. Kg6 Qf6+ 44. Kh5 Qf5+ 45. Qxf5 Rxf5+ 46. Kg6 Rf6+ 47. Kg7 Rxh6 48. Kxh6 a5 0-1

[Event "Betsys MČR v online bleskovém šachu 2021"]
[Site "Chess.com"]
[Date "2021.04.17"]
[Round "8"]
[White "pburak"]
[Black "Vojta0007"]
[Result "1-0"]
[WhiteElo "1281"]
[BlackElo "1466"]
[TimeControl "180+1"]
[EndTime "10:21:14 PDT"]
[Termination "Uživatel pburak zvítězil matem"]

1. e4 c5 2. Nf3 Nc6 3. d4 cxd4 4. Nxd4 d6 5. Bb5 Bd7 6. O-O e6 7. Nc3 Nf6 8. Bg5 Be7 9. Qe2 O-O 10. Nxc6 bxc6 11. Ba4 h6 12. Bh4 d5 13. exd5 cxd5 14.
Bxd7 Qxd7 15. Rad1 Qb7 16. b3 Rac8 17. Na4 Qc7 18.
c3 Ne4 19. Bxe7 Qxe7 20. c4 dxc4 21. Qxe4 cxb3 22. axb3 Rb8 23. Rd3 Rfc8 24. h3 Qa3 25.
Rfd1 Qe7 26. Rd7 Qe8 27. Qf3 a5 28. Nb2 f6 29. Nc4 e5 30. Nd6 Qf8 31. Nxc8 Rxc8 32. Qg3 Qe8 33. Qxg7# 1-0

[Event "Betsys MČR v online bleskovém šachu 2021"]
[Site "Chess.com"]
[Date "2021.04.17"]
[Round "8"]
[White "terezkai"]
[Black "sharpi5135"]
[Result "1-0"]
[WhiteElo "770"]
[BlackElo "736"]
[TimeControl "180+1"]
[EndTime "10:21:14 PDT"]
[Termination "Uživatel terezkai zvítězil na čas"]

1. e4 e5 2. Bc4 c6 3. d4 d5 4. dxe5 dxc4 5. Bd2 Be7 6. Nf3 Bg4 7. h3 Bxf3 8. Qxf3 f6 9. Nc3 fxe5 10. O-O Nf6 11. Qg3 Nh5 12. Qxe5 Nd7 13. Qxh5+ g6 14. Qg4 Qc7 15. Bf4 Ne5 16. Nb5 cxb5 17. Bxe5 Qxe5 18. Rae1 Rd8 19. Rd1 Kf7 20. Rxd8 Rxd8 21. f4 Qxe4 22. Qg3 Qxc2 23. Rf2 Qb1+ 24. Rf1 Qxa2 25.
Rf2 Qb1+ 26. Rf1 Qd3 27. Rf2 Qd1+ 28. Rf1 Qd3 29. Rf2 1-0

[Event "Betsys MČR v online bleskovém šachu 2021"]
[Site "Chess.com"]
[Date "2021.04.17"]
[Round "8"]
[White "maelic"]
[Black "misa2009"]
[Result "1-0"]
[WhiteElo "1781"]
[BlackElo "1514"]
[TimeControl "180+1"]
[EndTime "10:21:15 PDT"]
[Termination "Uživatel maelic zvítězil po vzdání soupeře"]

1. d4 Nf6 2. Bf4 e6 3. e3 d5 4. c4 c5 5. dxc5 Bxc5 6. Nf3 Nc6 7. Nc3 Bb4 8. Qb3 Qe7 9. Be2 Ne4 10. cxd5 exd5 11.
O-O O-O 12. Nxd5 Qe6 13. Nc7 Qxb3 14. axb3 Rb8 15. Bb5 Bf5 16. Bxc6 bxc6 17. Rxa7 Bc5 18. Ra6 Rxb3 19. Rxc6 Rxb2 20. Ng5 Nxg5 21. Rxc5 Ne6 22. Rxf5 Nxf4 23. Rxf4 Rc2 24. Nd5 Re8 25. Rd4 Rd8 26. Nf6+ gxf6 27. Rxd8+ Kg7 28. Rd4 f5 29. Rfd1 f6 30.
Rd7+ Kg6 31. h3 h5 32. g3 Kg5 33. h4+ Kg4 34. Kg2 f4 35. R7d4 Kf5 36. Rxf4+ Ke5 37.
Rdd4 Ke6 38. Rde4+ Kf7 39. Rf5 1-0

[Event "Betsys MČR v online bleskovém šachu 2021"]
[Site "Chess.com"]
[Date "2021.04.17"]
[Round "8"]
[White "VildaSt"]
[Black "misacz"]
[Result "1-0"]
[WhiteElo "1303"]
[BlackElo "1078"]
[TimeControl "180+1"]
[EndTime "10:21:16 PDT"]
[Termination "Uživatel VildaSt zvítězil po vzdání soupeře"]

1. e4 e6 2. d4 d5 3. exd5 exd5 4. Nf3 Nf6 5. c4 c5 6. Nc3 Nc6 7. dxc5 Bxc5 8. Bg5 d4 9. Na4 Bb4+ 10. Nd2 Bxd2+ 11. Qxd2 h6 12. Bxf6 Qxf6 13. Bd3 Bf5 14. Bxf5 Qxf5 15. O-O O-O 16. b3 Rfd8 17. Nb2 Rd6 18. Qd3 Qxd3 19. Nxd3 Rad8 20. Rad1 Re8 21. Rfe1 Rxe1+ 22. Rxe1 Re6 23. Rxe6 fxe6 24. Kf1 Kf7 25. Ke2 e5 26. Kf3 Kf6 27. Ke4 Ne7 28. Nxe5 Nf5 29. g4 Nh4 30. Kxd4 Ng2 31.
Nd3 Nh4 32. Ke4 Ng6 33. h3 Nh4 34. f3 Ng2 35. Nc5 b6 36. Na6 Ne1 37. Nb4 Ke6 38.
Ke3 Ke5 39. Nc6+ Kd6 40. Nxa7 Ke5 41. Nc8 Nc2+ 42. Ke2 Kd4 43. a4 Nb4 44. Nxb6 Nc6 45. Nd5 Ne5 46. Nf4 Kc3 47. Ne6 Kxb3 48. a5 Ka4 49. a6 Nc6 50. Kd3 Ka5 51. Nd4 Kxa6 52. Nxc6 Kb6 53. Ne5 1-0

[Event "Betsys MČR v online bleskovém šachu 2021"]
[Site "Chess.com"]
[Date "2021.04.17"]
[Round "8"]
[White "MatyldaCZ"]
[Black "marosino"]
[Result "1-0"]
[WhiteElo "1419"]
[BlackElo "1559"]
[TimeControl "180+1"]
[EndTime "10:21:18 PDT"]
[Termination "Uživatel MatyldaCZ zvítězil po vzdání soupeře"]

1. e4 d5 2. Nf3 dxe4 3. Ng5 Bf5 4. Nc3 Nc6 5. Ngxe4 Bxe4 6. Nxe4 Qd5 7. d3 O-O-O 8.
Be3 f5 9. Nc3 Qd6 10. Qf3 g6 11.
g3 Bg7 12. Bg2 e5 13. Qe2 Nd4 14. Bxd4 exd4 15. Nb5 Qd7 16. a4 Re8 17. Be4 fxe4 18. O-O exd3 19. Qxd3 Nh6 20. Nxa7+ Kb8 21. Nb5 Nf5 22. c3 Rd8 23. cxd4 Nxd4 24. Rad1 Rhf8 25. Qc4 Nf3+ 26. Kg2 Qc6 27. Rxd8+ Rxd8 28. Qxc6 bxc6 29. Kxf3 cxb5 30. axb5 Bxb2 31. Rb1 Bd4 32. Ke2 Rf8 33. f4 Bb6 34. Kf3 g5 35. Rb4 gxf4 36. gxf4 Kb7 37. Kg4 Bc5 38. Rc4 Bd6 39. f5 Kb6 40. Kg5 Kxb5 41.
Rd4 Be5 42. Rd5+ c5 43. Rxe5 Kb4 44. f6 c4 45. Rf5 c3 46. f7 c2 47. Rf1 Kb3 48. Kh6 Kb2 49. Kg7 Rxf7+ 50. Kxf7 c1=Q 51.
Rxc1 Kxc1 52. Kg7 Kd2 53. Kxh7 Ke3 54. h4 Kf4 55. h5 Kf5 56. h6 Kf6 57. Kg8 Kg6 58.
h7 Kh6 59. h8=Q+ 1-0

[Event "Betsys MČR v online bleskovém šachu 2021"]
[Site "Chess.com"]
[Date "2021.04.17"]
[Round "8"]
[White "Jindrich4321"]
[Black "psvoboda72"]
[Result "1-0"]
[WhiteElo "1937"]
[BlackElo "1715"]
[TimeControl "180+1"]
[EndTime "10:21:19 PDT"]
[Termination "Uživatel Jindrich4321 zvítězil matem"]

1. d4 Nf6 2. c4 g6 3. Nc3 Bg7 4. e4 d6 5. Be2 O-O 6. Bg5 Nbd7 7.
f4 h6 8. Bh4 c6 9. Nf3 Qc7 10.
O-O e5 11. fxe5 dxe5 12. Nxe5 Nxe5 13. Bxf6 Bxf6 14. Rxf6 Nd7 15. Rf2 Nb6 16. Qd2 Kg7 17. Raf1 f5 18. c5 Nd7 19. exf5 Nf6 20. fxg6 Be6 21.
Qe3 Rae8 22. Qd2 Bd5 23. Nxd5 cxd5 24. Bf3 Qd7 25. Qd3 Ne4 26. Bxe4 dxe4 27. Qg3 Rxf2 28.
Rxf2 Qxd4 29. Qc7+ Kxg6 30. Qf7+ Kg5 31. Qxe8 Qd1+ 32.
Rf1 Qd4+ 33. Kh1 Qxc5 34. Qxe4 Qb5 35. Qf4+ Kg6 36. Qf7+ Kg5 37. Qg7+ Kh5 38. Qf7+ Kg5 39. h3 h5 40. Qf6# 1-0